 Dungeon Crawl Stone Soup version 0.27.1-4-g1640c2035a (webtiles) character file.

Game seed: 10791085404184666426

7680 ABBCCCDDDD the Severer (level 11, -5/101 HPs)
             Began as a Hill Orc Delver on Nov 2, 2021.
             Was a Believer of Trog.
             Slain by a white ugly thing (20 damage)
             ... on level 9 of the Dungeon.
             The game lasted 00:17:20 (11960 turns).

ABBCCCDDDD the Severer (Hill Orc Delver)           Turns: 11960, Time: 00:17:21

Health: -5/101     AC: 20    Str: 19    XL:     11   Next: 19%
Magic:  11/11      EV:  6    Int: 10    God:    Trog [**....]
Gold:   600        SH:  0    Dex: 12    Spells: 10/10 levels left

rFire    . . .     SeeInvis .   g - +0 war axe
rCold    . . .     Faith    .   (no shield)
rNeg     . . .     Spirit   .   i - +0 plate armour
rPois    .         Reflect  .   h - +0 helmet
rElec    .         Harm     .   f - +1 cloak {Stlth+}
rCorr    +         Rampage  .   (no gloves)
Will     .....                  d - +1 pair of boots
Stlth    ..........             (no amulet)
HPRegen  0.26/turn              q - ring of resist corrosion
MPRegen  0.12/turn              (no ring)

@: on berserk cooldown, hasted and slowed
A: no striking features
a: Renounce Religion, Berserk, Trog's Hand


You were on level 9 of the Dungeon.
You worshipped Trog.
Trog was pleased with you.
You visited 2 branches of the dungeon, and saw 10 of its levels.

You collected 600 gold pieces.

Inventory:

Hand Weapons
 g - a +0 war axe (weapon)
 w - a +1 scythe of venom
Missiles
 s - 12 poisoned darts (quivered)
 y - a throwing net
Armour
 d - a +1 pair of boots (worn)
 f - a +1 cloak of stealth (worn)
 h - a +0 helmet (worn)
 i - a +0 plate armour (worn)
 r - a +0 chain mail
Jewellery
 q - a ring of resist corrosion (left hand)
Wands
 u - a wand of polymorph (14)
 v - a wand of mindburst (8)
 x - a wand of iceblast (12)
Scrolls
 c - 3 scrolls of fog
 l - a scroll of immolation
 m - a scroll of torment
 n - 2 scrolls of magic mapping
 o - 2 scrolls of enchant armour
 t - 3 scrolls of enchant weapon
Potions
 a - a potion of attraction
 b - 4 potions of curing
 e - a potion of heal wounds
 j - 3 potions of mutation
 k - 2 potions of haste
 p - 2 potions of flight {unknown}
 z - a potion of brilliance {unknown}
 A - 2 potions of ambrosia {unknown}
 C - 3 potions of magic {unknown}


   Skills:
 + Level 10.7 Fighting
 * Level 15.0 Axes
 + Level 9.2 Armour
 - Level 1.5 Dodging
 - Level 4.1 Stealth


You had 10 spell levels left.
You didn't know any spells.
Your spell library was empty.

Dungeon Overview and Level Annotations

Branches:
Dungeon (9/15)             Temple (1/1) D:5            Lair (0/6) D:8
    Orc: D:9-12

Altars:
Ashenzari
Cheibriados
Dithmenos
Elyvilon
Fedhas
Gozag
Hepliaklqana
Kikubaaqudgha
Nemelex Xobeh
Okawaru
Qazlal
Ru
Trog
Uskayaw
Vehumet
Wu Jian
Xom
Yredelemnul
Zin
The Shining One

Annotations:
D:2 1 runed translucent door, Crazy Yiuf
D:5 exclusion: water moccasin
D:8 2 transporters


Message History

You throw a poisoned dart.
The poisoned dart barely misses the white ugly thing.
A red film seems to cover your vision as you go berserk!
You feel yourself moving faster!
You feel mighty!
A yak comes into view.
The white ugly thing bites you but does no damage.
You barely miss the white ugly thing.
The yak bellows!
You completely miss the white ugly thing.
The white ugly thing bites you! The white ugly thing freezes you!!
You hit the white ugly thing but do no damage.
The yak bellows!
You slash the white ugly thing!
The white ugly thing is lightly wounded.
You hear a bellow!
The white ugly thing bites you! The white ugly thing freezes you!!
You hit the white ugly thing.
The white ugly thing is lightly wounded.
Your plate armour prevents you from hitting the white ugly thing.
The white ugly thing is lightly wounded.
The white ugly thing bites you! The white ugly thing freezes you!
You barely miss the white ugly thing.
The white ugly thing is lightly wounded.
You slice the white ugly thing!!
The white ugly thing is heavily wounded.
The white ugly thing bites you!
* * * LOW HITPOINT WARNING * * *
The white ugly thing freezes you!
* * * LOW HITPOINT WARNING * * *
You feel a strong urge to attack something.
You are no longer berserk.
You are exhausted.
You feel yourself slow down.
Okay, then.
Unknown command.
You feel yourself speed up. The white ugly thing barely misses you.
The white ugly thing bites you.
* * * LOW HITPOINT WARNING * * *
The white ugly thing freezes you!!
You die...

.######......###.#
....# ##.........#
....# ###....#### ##
....#########.####....
...................#
.)..#########..#####
....# ##.## ))..#
#..### ..)<# ##.@.###
....# ###u..# ....##
#...# ..#).# #.Y.# ...
.....##### ##.## ...
.##......# #..# ...
.##......# #.## ##...
.####....# #..# #...Y
.# #....# ##.## #..Y.


You could see a white ugly thing and a yak.

Levels and vault maps discovered:
D:1:      erik_arrival_orb_chamber, layout_basic, st_stairs_1
D:2:      layout_rooms, ebering_ecumenical_altar_hall, uniq_crazy_yiuf_cottage
D:3:      layout_loops_corners, pdpol_wu_jian_five_deadly_venoms,
          grunt_temple_overflow_open, dk_vineyard_1
D:4:      layout_basic, fountainhead, uniq_robin
D:5:      layout_basic, lemuel_coloured_pillars_altar,
          minmay_temple_entry_sparse_star
D:6:      layout_rooms, minmay_bent, uniq_menkaure
D:7:      layout_rooms, minmay_misc_feat_alley, columned_hall_lemuel,
          sigmund_edmund_badplayer
D:8:      layout_basic, david_lair_generic, gammafunk_ghost_smash,
          hangedman_decor_push, kennysheep_cross_room, uniq_maurice,
          uniq_harold, uniq_prince_ribbit1, uniq_psyche
D:9:      layout_rooms, elyvilon_altar_3, water_boxes_lemuel
Temple:   eino_temple_lava

Notes
Turn   | Place    | Note
-------+----------+-------------------------------------------
     0 | D:5      | ABBCCCDDDD the Hill Orc Delver began the quest for the Orb.
     0 | D:5      | Reached XP level 1. HP: 19/19 MP: 1/1
     8 | D:5      | Noticed a water moccasin
    30 | D:5      | Noticed a necrophage
    45 | D:5      | Noticed a sky beast
    58 | D:5      | Found a basalt altar of Yredelemnul.
    58 | D:5      | Noticed a hound
    74 | D:5      | Noticed an ice beast
    90 | D:5      | Noticed an iguana
    90 | D:5      | Noticed a scorpion
    93 | D:5      | Noticed a hound
   119 | D:3      | Found a shimmering altar of Xom.
   119 | D:3      | Found a radiant altar of Vehumet.
   119 | D:3      | Found an ancient bone altar of Kikubaaqudgha.
   360 | D:2      | Reached skill level 3 in Axes
   421 | D:2      | HP: 1/20 [quokka (3)]
   425 | D:2      | Reached XP level 2. HP: 1/27 MP: 2/2
   930 | D:1      | Reached skill level 1 in Armour
  1096 | D:1      | Reached XP level 3. HP: 31/31 MP: 3/3
  1407 | D:2      | Reached skill level 4 in Axes
  1601 | D:2      | Found a faded altar of an unknown god.
  1933 | D:2      | Found a runed translucent door.
  1934 | D:2      | Noticed Crazy Yiuf
  2120 | D:3      | Found an ornate altar of the Wu Jian Council.
  2374 | D:3      | Reached XP level 4. HP: 40/40 MP: 4/4
  2835 | D:4      | Noticed a scorpion
  2844 | D:4      | Killed a scorpion
  2845 | D:4      | Reached skill level 5 in Axes
  2845 | D:4      | Reached XP level 5. HP: 22/47 MP: 5/5
  3391 | D:4      | Noticed Robin
  3434 | D:4      | Killed Robin
  3518 | D:4      | Reached skill level 5 in Fighting
  3518 | D:4      | Reached skill level 6 in Axes
  3518 | D:4      | Reached XP level 6. HP: 53/56 MP: 6/6
  4378 | D:5      | Found a staircase to the Ecumenical Temple.
  4417 | Temple   | Entered the Ecumenical Temple
  4421 | Temple   | Killed a necrophage
  4422 | Temple   | Reached skill level 7 in Axes
  4422 | Temple   | Reached XP level 7. HP: 61/61 MP: 7/7
  4493 | Temple   | Became a worshipper of Trog the Wrathful
  4633 | D:4      | Reached skill level 8 in Axes
  4922 | D:5      | Reached XP level 8. HP: 49/71 MP: 8/8
  5395 | D:5      | Reached skill level 9 in Axes
  5631 | D:6      | Noticed Menkaure
  6055 | D:6      | Reached skill level 5 in Armour
  6699 | D:6      | Reached skill level 10 in Axes
  6922 | D:7      | Reached * piety under Trog
  7088 | D:7      | Reached XP level 9. HP: 76/80 MP: 9/9
  7341 | D:7      | Reached skill level 11 in Axes
  7632 | D:7      | Noticed Sigmund
  7636 | D:7      | Killed Sigmund
  7681 | D:7      | Noticed Edmund
  7693 | D:7      | Killed Edmund
  7884 | D:8      | Reached skill level 12 in Axes
  7970 | D:8      | Noticed Prince Ribbit
  7993 | D:8      | Killed Prince Ribbit
  8263 | D:8      | Noticed Harold
  8289 | D:8      | Noticed Maurice
  8652 | D:6      | Reached ** piety under Trog
  8976 | D:6      | Killed Menkaure
  8977 | D:6      | Reached XP level 10. HP: 63/84 MP: 10/10
  9334 | D:7      | Killed Maurice
  9586 | D:8      | Found a staircase to the Lair.
  9586 | D:8      | Noticed an elephant
  9631 | D:7      | Killed an elephant
  9632 | D:7      | Reached skill level 13 in Axes
  9999 | D:8      | Killed Harold
 10406 | D:8      | Found a transporter.
 10468 | D:8      | Noticed Psyche
 10474 | D:8      | Killed Psyche
 10475 | D:8      | Reached skill level 10 in Fighting
 10475 | D:8      | Reached skill level 14 in Axes
 10632 | D:8      | Found a transporter.
 10845 | D:9      | Noticed a cyan ugly thing
 11257 | D:9      | Reached XP level 11. HP: 77/101 MP: 11/11
 11755 | D:9      | Found a white marble altar of Elyvilon.
 11806 | D:9      | Reached skill level 15 in Axes
 11929 | D:9      | Noticed a white ugly thing
 11960 | D:9      | Slain by a white ugly thing

Table legend: (Time is in decaauts)
 A = Elapsed time spent in this place.
 B = Non-inter-level travel time spent in this place.
 C = Inter-level travel time spent in this place.
 D = Time resting spent in this place.
 E = Time spent auto-exploring this place.
 F = Levels seen in this place.
 G = Mean time per level.
                   A        B        C        D        E       F      G
               +--------+--------+--------+--------+--------+-----+--------+
         Total |  12077 |  11608 |    469 |   4197 |   5058 |  10 | 1207.7 |
       Dungeon |  11991 |  11530 |    461 |   4197 |   5011 |   9 | 1332.3 |
        Temple |     86 |     78 |      8 |      0 |     47 |   1 |   86.0 |
               +--------+--------+--------+--------+--------+-----+--------+

Top non-repeatable levels by time:
     D:7: 1864 daAuts
     D:4: 1855 daAuts
     D:8: 1852 daAuts
     D:5: 1600 daAuts
     D:6: 1373 daAuts
     D:3: 1105 daAuts
     D:1: 971 daAuts
     D:9: 720 daAuts
     D:2: 649 daAuts
  Temple: 86 daAuts

Table legend:
 A = Kills in this place as a percentage of kills in entire the game.
 B = Kills by you in this place as a percentage of kills by you in the entire game.
 C = Kills by friends in this place as a percentage of kills by friends in the entire game.
 D = Other kills in this place as a percentage of other kills in the entire game.
 E = Experience gained in this place as a percentage of experience gained in the entire game.
 F = Experience gained in this place divided by the number of levels of this place that you have seen.
                   A       B       C       D       E      F
               +-------+-------+-------+-------+-------+----------------------
         Total | 100.0 | 100.0 |   N/A | 100.0 | 100.0 | 1097.2
       Dungeon |  99.4 |  99.4 |   N/A | 100.0 |  98.9 | 1205.3
        Temple |   0.6 |   0.6 |   N/A |   0.0 |   1.1 | 124.0
               +-------+-------+-------+-------+-------+----------------------

Action                   |  1- 3 |  4- 6 |  7- 9 | 10-12 || total
-------------------------+-------+-------+-------+-------++-------
Melee: Hand axe          |   114 |       |       |       ||   114
       War axe           |    18 |   102 |   296 |   210 ||   626
Throw: Dart              |       |       |    12 |     7 ||    19
Invok: Berserk           |       |       |     8 |     5 ||    13
       Trog's Hand       |       |       |       |     3 ||     3
Evoke: Wand              |     3 |       |     1 |     1 ||     5
  Use: Scroll            |     2 |       |    12 |     3 ||    17
       Potion            |     1 |       |     2 |     1 ||     4
 Stab: Sleeping          |    13 |     1 |     3 |       ||    17
Armor: Leather armour    |    50 |       |       |       ||    50
       Ring mail         |     6 |    51 |   147 |       ||   204
       Plate armour      |       |       |    92 |   197 ||   289
Dodge: Dodged            |    92 |    61 |   192 |    55 ||   400

Vanquished Creatures
  Harold (D:8)
  Maurice (D:7)
  An elephant (D:7)
  Psyche (D:8)
  Prince Ribbit (D:8)
  A hornet (D:9)
  Sigmund (D:7)
  11 yaks
  2 wyverns (D:8)
  Menkaure (D:6)
  Edmund (D:7)
  3 orc warriors
  3 ice beasts
  3 black bears
  2 necrophages
  A sky beast (D:4)
  An ogre (D:6)
  6 centaurs
  A bullfrog (D:7)
  3 scorpions
  4 wights
  2 howler monkeys
  3 centaur zombies
  2 bullfrog zombies
  8 hounds
  A jelly (D:7)
  3 orc priests
  3 bullfrog skeletons
  2 centaur skeletons (D:7)
  2 iguanas (D:5)
  6 orc wizards
  Robin (D:4)
  A howler monkey zombie (D:5)
  3 gnolls (D:7)
  8 adders
  An adder skeleton (D:4)
  2 dart slugs
  18 orcs
  7 ball pythons
  9 bats
  3 endoplasms
  3 giant cockroaches
  15 goblins
  7 hobgoblins
  7 kobolds
  5 quokkas
  3 frilled lizards
  5 rats
179 creatures vanquished.

Vanquished Creatures (others)
  An orc wizard (D:6)
  A fungus (D:2)
2 creatures vanquished.

Grand Total: 181 creatures vanquished
